 Dungeon Crawl Stone Soup version 0.28.0-53-g5a82cb258f (webtiles) character file.

Game seed: 8873266677673374983

72674 mortz the Thaumaturge (level 14, -3/93 HPs)
             Began as a Demigod Earth Elementalist on May 31, 2022.
             Shot with an arrow by a centaur warrior (8 damage)
             ... on level 14 of the Dungeon on June 1, 2022.
             The game lasted 03:01:56 (24614 turns).

mortz the Thaumaturge (Demigod Earth Elementalist) Turns: 24614, Time: 03:01:57

Health: -3/93      AC: 11    Str: 17    XL:     14   Next: 59%
Magic:  53/53      EV: 11    Int: 41    God:
Gold:   1289       SH:  3    Dex: 14    Spells: 19/38 levels left

rFire   . . .      SeeInvis .   b - +0 staff of Battle {staff}
rCold   . . .      Faith    .   m - +0 buckler
rNeg    . . .      Spirit   .   N - +0 troll leather armour
rPois   +          Reflect  .   K - +0 helmet
rElec   .          Harm     .   E - +0 cloak
rCorr   +          Rampage  .   v - +1 pair of gloves of Courage {Str+4}
Will    .....                   X - +2 pair of boots {Fly}
Stlth   ++........              l - amulet of magic regeneration {@e2}
HPRegen 1.05/turn               f - ring "Hero's Friend" {Will- MP+9 Int+8}
MPRegen 0.73/turn               R - ring of Soafijem {rPois rCorr MP+9 Str+4}

@: flying, studying Evocations
A: high MP 1, forlorn, divine attributes
a: no special abilities


You were on level 14 of the Dungeon.
You visited 3 branches of the dungeon, and saw 22 of its levels.

You collected 2803 gold pieces.
You spent 1514 gold pieces at shops.


Innate Abilities, Weirdness & Mutations

You have an increased reservoir of magic. (+10% MP)
You shall have no god before yourself.
Your divine heritage dramatically boosts your attributes as you level up.


   Skills:
 + Level 0.2 Fighting
 + Level 0.1 Maces & Flails
 + Level 2.8 Armour
 + Level 2.6 Dodging
 + Level 2.7 Stealth
 + Level 12.6 Spellcasting
 + Level 11.9 Conjurations
 + Level 8.7 Translocations
 + Level 0.8 Transmutations
 * Level 7.9 Air Magic
 + Level 12.5 Earth Magic
 + Level 0.3 Evocations


You had 19 spell levels left.
You knew the following spells:

 Your Spells              Type           Power      Damage    Failure   Level
a - Airstrike             Air            37%        N/A       1%          4
b - Passwall              Tmut/Erth      57%        N/A       1%          2
c - Stone Arrow           Conj/Erth      100%       3d13      1%          3
d - Iskenderun's Mystic   Conj/Tloc      100%       2d19      1%          4
e - Lee's Rapid Deconstr  Erth           46%        3d23*     1%          5
f - Apportation           Tloc           100%       N/A       1%          1

Your spell library contained the following spells:

 Spells                   Type           Power      Damage    Failure   Level
 Sandblast                Erth           100%       2d20      0%          1
 Shock                    Conj/Air       100%       1d9       1%          1
 Swiftness                Air            74%        N/A       1%          3
 Fulminant Prism          Conj/Hex       42%        3d20      1%          4
 Petrify                  Tmut/Erth      69%        N/A       1%          4
 Slow                     Hex            100%       N/A       2%          1
 Wereblood                Tmut           32%        N/A       2%          2
 Sublimation of Blood     Necr           25%        N/A       3%          2
 Irradiate                Conj/Tmut      43%        3d28      4%          5
 Confusing Touch          Hex            25%        N/A       6%          3
 Frozen Ramparts          Ice            50%        1d7       6%          3
 Vampiric Draining        Necr           25%        2d7       6%          3
 Ice Form                 Ice/Tmut       29%        N/A       17%         4
 Summon Ice Beast         Ice/Summ       25%        N/A       22%         4
 Blade Hands              Tmut           16%        N/A       38%         5
 Alistair's Intoxication  Tmut/Pois      19%        N/A       43%         5
 Dragon Form              Tmut           16%        N/A       100%        7
 Summon Hydra             Summ           12%        N/A       100%        7

Inventory:

Hand Weapons
 b - the +0 staff of Battle (weapon) {staff}
   (You bought it in a shop on level 5 of the Dungeon)

   It enhances your conjuration magic.
   It summons a battlesphere in combat, with strength depending on Conjurations
   skill.
   Its strikes trigger the battlesphere's blasts.
 i - a +0 hand axe {axe}
   (You found it on level 1 of the Dungeon)
 z - the +7 dagger of Fortitude {vamp, +Blink MP+9 Int+3 Stlth+, short}
   (You found it on level 4 of the Lair of Beasts)

   It occasionally heals its wielder for a portion of the damage dealt when it
   wounds a living foe.
   Int:       It affects your intelligence (+3).
   MP:        It affects your magic capacity (+9).
   +Blink:    It lets you blink.
   Stlth:     It makes you more stealthy.
 L - a +0 dire flail of protection {mace}
   (You took it off a wight on level 7 of the Dungeon)
Armour
 m - a +0 buckler (worn)
   (You found it on level 2 of the Dungeon)
 v - the +1 pair of gloves of Courage (worn) {Str+4}
   (You found it on level 4 of the Lair of Beasts)

   Str:       It affects your strength (+4).
 E - a +0 cloak (worn)
   (You bought it in a shop on level 12 of the Dungeon)
 K - a +0 helmet (worn)
   (You found it on level 10 of the Dungeon)
 M - a +3 scale mail of fire resistance
   (You took it off Harold on level 8 of the Dungeon)
 N - a +0 troll leather armour (worn)
   (You found it on level 1 of the Orcish Mines)
 Q - +0 acid dragon scales
   (You found it on level 9 of the Dungeon)
 X - a +2 pair of boots of flying (worn)
   (You bought it in a shop on level 12 of the Dungeon)
Magical Staves
 J - a staff of earth {!astaff}
   (You found it on level 6 of the Lair of Beasts)
Jewellery
 c - a +4 ring of protection
   (You found it on level 5 of the Lair of Beasts)
 f - the ring "Hero's Friend" (left hand) {Will- MP+9 Int+8}
   (You found it on level 12 of the Dungeon)

   [ring of magical power]

   Int:       It affects your intelligence (+8).
   MP:        It affects your magic capacity (+9).
   Will:      It decreases your willpower.
 l - an amulet of magic regeneration (around neck) {@e2}
   (You found it on level 2 of the Dungeon)
 n - a ring of fire
   (You found it on level 4 of the Lair of Beasts)
 G - a +4 ring of evasion
   (You found it on level 7 of the Dungeon)
 O - a ring of resist corrosion
   (You found it on level 10 of the Dungeon)
 R - the ring of Soafijem (right hand) {rPois rCorr MP+9 Str+4}
   (You took it off an orc priest on level 11 of the Dungeon)

   [ring of magical power]

   Str:       It affects your strength (+4).
   rPois:     It protects you from poison.
   MP:        It affects your magic capacity (+9).
   rCorr:     It protects you from acid and corrosion.
 U - a ring of fire
   (You found it on level 9 of the Dungeon)
 W - a +6 ring of strength
   (You found it on level 1 of the Lair of Beasts)
Wands
 p - a wand of acid (3)
   (You found it on level 8 of the Dungeon)
 x - a wand of paralysis (5)
   (You found it on level 4 of the Lair of Beasts)
 A - a wand of polymorph (9)
   (You found it on level 5 of the Dungeon)
 F - a wand of digging (22)
   (You found it on level 8 of the Dungeon)
 P - a wand of flame (23)
   (You found it on level 9 of the Dungeon)
 T - a wand of mindburst (1)
   (You found it on level 1 of the Lair of Beasts)
 Z - a wand of iceblast (19)
   (You found it on level 2 of the Lair of Beasts)
Scrolls
 a - a scroll of holy word
 d - 6 scrolls of identify {@r1}
 k - 8 scrolls of teleportation {@r4}
 o - 3 scrolls of fear
 r - 2 scrolls of enchant weapon
 s - 3 scrolls of blinking {!r}
 w - 2 scrolls of amnesia
 y - 5 scrolls of magic mapping {!r}
 D - a scroll of vulnerability {!r!r}
 I - 2 scrolls of summoning
 S - a scroll of immolation {!r!r}
 V - 4 scrolls of fog
 Y - 2 scrolls of enchant armour
Potions
 e - a potion of magic
 g - 8 potions of heal wounds {@q2}
 h - a potion of might
 j - 3 potions of lignification {!q}
 q - a potion of cancellation
 t - a potion of haste {@q3}
 u - a potion of invisibility
 B - 8 potions of curing {@q1}
 C - 3 potions of brilliance
Miscellaneous
 H - a condenser vane
   (You found it on level 6 of the Lair of Beasts)

Dungeon Overview and Level Annotations

Branches:
Dungeon (14/15)            Temple (0/1) D:7            Lair (6/6) D:11
 Shoals (0/4) Lair:2       Spider (0/4) Lair:2        Slime (0/5) Lair:5
    Orc (2/2) D:11            Elf (0/3) Orc:2        Vaults (0/5) D:13

Shops:
D:2 ?   D:3 *   D:5 *:?*!   D:12 [   Orc:1 =   Orc:2 [:*(

Portals:
Trove: D:10 (give staff of Battle)

Annotations:
D:2 Sigmund
D:4 exclusion: ogre
D:6 3 runed translucent doors, Zeld's ghost, novice OgFE

.#.....#.
.......z.
#c......#
#.......# #
........#
#.###....c.##
..#...z.V..[...
.)....B@○)#
..........#
......*.....#
..#............
. #.....<.#....
........##....
..#.####.. ...
.... .. ..


You could see a boulder beetle, 2 skeletal warriors, 2 centaur warriors, a
vampire and a friendly battlesphere.


Message History

The centaur warrior shoots an arrow.
You block the arrow.
The centaur warrior shoots an arrow.
The arrow hits your battlesphere. 😕 HP[-8] MP[-3]
You take 8 damage, and now have 85/93 hp.
You lost 3 mp, and now have 37/53 mp.
Casting: Iskenderun's Mystic Blast (safe; 1% risk of failure)
Confirm with . or Enter, or press ? or * to list all spells.
You feel a surge of power!
You erupt in a blast of force!
The mystic blast hits the skeletal warrior!
The skeletal warrior is knocked back by the mystic blast.
The mystic blast hits the skeletal warrior!!
The skeletal warrior is knocked back by the mystic blast.
Your battlesphere fires!
The barrage of energy hits the centaur warrior!
The centaur warrior shoots an arrow.
The arrow hits you!
The centaur warrior shoots an arrow.
The arrow hits your battlesphere! 😕 HP[-12] MP[-4]
You take 12 damage, and now have 73/93 hp.
You lost 4 mp, and now have 33/53 mp.
Aiming: Stone Arrow (safe; 1% risk of failure)
Press: ? - help, Q - select action, (/) - cycle Shift-Dir - straight line, f - skeletal warrior
Aim: a skeletal warrior, wielding a +0 flail (almost destroyed, 78% to hit)
You feel a surge of power!
The stone arrow misses the skeletal warrior.
Your battlesphere fires!
The barrage of energy hits the skeletal warrior but does no damage.
The centaur warrior shoots an arrow.
The arrow hits you!
The centaur warrior shoots an arrow.
The arrow hits you!
* * * LOW HITPOINT WARNING * * *
A boulder beetle comes into view. 😨 HP[-30] MP[-2]
You take 30 damage, and now have 43/93 hp.
MASSIVE DAMAGE!! (PAUSE)
You lost 2 mp, and now have 31/53 mp.
Aiming: Stone Arrow (safe; 1% risk of failure)
Press: ? - help, Q - select action, (/) - cycle Shift-Dir - straight line, f/p - skeletal warrior
Aim: a skeletal warrior, wielding a +0 flail (almost destroyed, 78% to hit)
You feel a surge of power!
The stone arrow hits the skeletal warrior!
Your battlesphere fires!
The barrage of energy hits the skeletal warrior but does no damage.
The centaur warrior shoots an arrow.
The arrow hits you!
* * * LOW HITPOINT WARNING * * *
The centaur warrior shoots an arrow.
The arrow hits you!
* * * LOW HITPOINT WARNING * * *
The centaur warrior shoots an arrow.
The arrow barely misses you. 😱 HP[-20] MP[-2]
You take 20 damage, and now have 23/93 hp.
MASSIVE DAMAGE!! (PAUSE)
You lost 2 mp, and now have 29/53 mp.
The centaur warrior shoots an arrow.
The arrow barely misses your battlesphere.
The arrow hits the vampire.
You block the skeletal warrior's attack.
You fly upwards.
Your battlesphere wavers and loses cohesion.
There is a stone staircase leading down here. 😨 HP[+3] MP[+2]
You regained 3 hp, and now have 26/93 hp.
You regained 2 mp, and now have 31/53 mp.
You start resting. 😮 HP[+32] MP[+22]
You regained 32 hp, and now have 58/93 hp.
Your mp is fully restored (53).
You start resting. 😎 HP[+35]
Your hp is fully restored (93).
You fly downwards.
You conjure a globe of magical energy.
The centaur warrior shoots an arrow.
The arrow hits you!
The centaur warrior shoots an arrow.
The arrow hits you. The vampire barely misses you.
The vampire bites you but does no damage.
The centaur warrior shoots an arrow.
The arrow hits you!!
The skeletal warrior hits you with a +0 flail.
You block the boulder beetle's attack.
The centaur warrior shoots an arrow.
The arrow hits you!
* * * LOW HITPOINT WARNING * * *
The vampire casts a spell at you.
You are confused.
There is a stone staircase leading up, spattered with blood here. 😨 HP[-58]
You take 58 damage, and now have 35/93 hp.
MASSIVE DAMAGE!! (PAUSE)
You feel better.
The centaur warrior shoots an arrow.
The arrow hits your battlesphere!
The skeletal warrior hits you with a +0 flail!
* * * LOW HITPOINT WARNING * * *
The boulder beetle bites you!
* * * LOW HITPOINT WARNING * * *
The centaur warrior shoots an arrow.
The arrow hits your battlesphere!!
Your battlesphere is destroyed!
The vampire hits you but does no damage.
You block the vampire's attack. 😱 HP[-14]
You take 14 damage, and now have 21/93 hp.
You conjure a globe of magical energy.
The centaur warrior shoots an arrow.
The arrow hits you!
* * * LOW HITPOINT WARNING * * *
The centaur warrior shoots an arrow.
The arrow hits you!
You die...

Skill      XL: |  1  2  3  4  5  6  7  8  9 10 11 12 13 14 |
---------------+-------------------------------------------+-----
Dodging        | 2 |  2.6
Spellcasting   | 2 3 4 5 6 7 8 9 10 11 12 | 12.6
Earth Magic    | 3 4 5 7 8 9 10 11 12 | 12.5
Stealth        | 2 |  2.7
Conjurations   | 1 2 4 6 7 8 9 10 11 | 11.9
Translocations | 1 4 6 8 |  8.7
Air Magic      | 1 5 7 |  7.9
Armour         | 2 |  2.8
Fighting       | |  0.2
Maces & Flails | |  0.1
Transmutations | |  0.8
Evocations     | |  0.3

Action                   |  1- 3 |  4- 6 |  7- 9 | 10-12 | 13-15 || total
-------------------------+-------+-------+-------+-------+-------++-------
Melee: Club              |     7 |       |       |       |       ||     7
       Hand axe          |    13 |    31 |       |       |       ||    44
       Punch             |     1 |     2 |       |       |       ||     3
       Falchion          |       |    69 |       |       |       ||    69
       Long sword        |       |       |       |    18 |       ||    18
       Staff             |       |       |       |       |     1 ||     1
 Cast: Sandblast         |    68 |    43 |       |       |       ||   111
       Stone Arrow       |       |    28 |   107 |   261 |   213 ||   609
       Iskenderun's Myst |       |       |       |    94 |    70 ||   164
       Lee's Rapid Decon |       |       |       |    17 |    24 ||    41
       Apportation       |       |       |       |     2 |     5 ||     7
       Airstrike         |       |       |       |       |    70 ||    70
Evoke: Wand              |       |       |       |    12 |       ||    12
  Use: Scroll            |     2 |     1 |     1 |    21 |     2 ||    27
       Potion            |       |       |     1 |     2 |     2 ||     5
Armor: Robe              |     7 |    22 |     1 |       |       ||    30
       Leather armour    |       |       |     1 |       |       ||     1
       Acid dragon scale |       |       |       |    24 |     9 ||    33
       Troll leather arm |       |       |       |       |     7 ||     7
Dodge: Dodged            |    16 |    80 |    13 |    77 |    16 ||   202
Block: Buckler           |       |       |     1 |    18 |     7 ||    26

Levels and vault maps discovered:
D:1:      tarquinn_simple_flora_water_c, layout_loops_ring,
          shapermc_ecumenical_altar_gd
D:2:      layout_rooms, serial_shops, nicolae_shop_window_shopping, uniq_sigmund
D:3:      layout_rooms, grunt_ashenzari_visionary
          [grunt_ashenzari_visionary_shoals, grunt_ashenzari_visionary_spider],
          serial_shops, nicolae_shop_overgrown_old_shop
D:4:      layout_cave_pods
D:5:      layout_basic, serial_shops, nicolae_shop_advertising_works
          [nicolae_subvault_shop_adworks], nicolae_square_shop, shop, shop,
          nicolae_shop_statue_plus, dk_noncrumbling_4
D:6:      layout_loops_ring, ebering_ghost_rock_garden,
          hellmonk_bongcloud_opening, minmay_misc_feat_rows
D:7:      layout_basic, minmay_temple_entry_trees
D:8:      layout_cave_pods, minmay_small_thing, uniq_harold
D:9:      layout_irregular_city
D:10:     layout_basic, enter_trove_3, chequers_avenue
D:11:     layout_basic, lair_entry_dummy, david_orc_3,
          nicolae_dithmenos_shadow_blocks, uniq_snorg
D:12:     layout_layer_cave, gauntlet_entry_generic, serial_shops, shop
D:13:     layout_cave_pools, erik_vaults_1
D:14:     layout_rooms, okawaru_gym_becter
Lair:1:   layout_gridlike, grunt_forest_small_clearings
Lair:2:   layout_gridlike, shoals_dummy_entry, spider_nest_entry_webs,
          hangedman_lair_generics_rect
Lair:3:   layout_gridlike, minivault_24, minivault_24
Lair:4:   layout_misc_corridors, minmay_lindwurm_lava,
          infiniplex_staircase_pool, lemuel_fruit_tree
Lair:5:   layout_loops_ring, slime_altar_1, serial_bayou_pond_e
Lair:6:   evilmike_catoblepas_cave, layout_big_grid
Orc:1:    layout_caves, serial_shops, nicolae_shop_statue_plus, shop,
          nicolae_shop_behind_doors, nicolae_shop_window_shopping,
          portal_ice_cave_entry_pillars_1, minmay_orc_keep, uniq_erica
Orc:2:    grunt_orc_cross, layout_caves, basic_altar

Notes
Turn   | Place    | Note
-------+----------+-------------------------------------------
     0 | D:1      | mortz the Demigod Earth Elementalist began the quest for
                  | the Orb.
     0 | D:1      | Reached XP level 1. HP: 14/14 MP: 5/5
     0 | D:1      | magus.rc [v1.9.6]
    97 | D:1      | Reached skill level 2 in Dodging
   133 | D:1      | Reached skill level 2 in Spellcasting
   217 | D:1      | Reached XP level 2. HP: 20/20 MP: 3/7
   222 | D:1      | Learned a level 2 spell: Passwall
   893 | D:2      | Reached skill level 3 in Earth Magic
  1179 | D:2      | Reached XP level 3. HP: 25/26 MP: 2/9
  1461 | D:2      | Noticed Sigmund
  1467 | D:2      | Found Jibecsisk's Magic Scroll Boutique.
  1470 | D:2      | Bought a scroll of identify for 20 gold pieces
  2128 | D:3      | Reached skill level 3 in Spellcasting
  2139 | D:3      | Reached XP level 4. HP: 25/33 MP: 8/11
  2143 | D:3      | Learned a level 3 spell: Stone Arrow
  2600 | D:3      | Found Suclyss's Assorted Antiques.
  2610 | D:3      | Bought a scroll labelled ATAF TEABA for 27 gold pieces
  2668 | D:3      | Reached skill level 2 in Stealth
  2854 | D:4      | Reached XP level 5. HP: 28/38 MP: 8/13
  2920 | D:4      | Reached skill level 1 in Conjurations
  3121 | D:4      | You fall into a shaft and drop 2 floors!
  3148 | D:5      | Entered Level 5 of the Dungeon
  3148 | D:5      | Found Ebeno Opra's Book Shoppe.
  3576 | D:4      | Noticed an ogre
  3588 | D:4      | Reached skill level 4 in Earth Magic
  3800 | D:4      | Reached XP level 6. HP: 38/45 MP: 12/15
  3870 | D:4      | Reached skill level 4 in Spellcasting
  3870 | D:4      | Reached skill level 2 in Conjurations
  3969 | D:4      | magus.rc [v1.9.6]
  4662 | D:5      | Found Gitod's Magic Scroll Emporium.
  4663 | D:5      | Found Xohiwor's Assorted Antiques.
  4715 | D:5      | Noticed a water moccasin
  4858 | D:5      | Found Qelokhar's Distillery.
  4874 | D:5      | Bought a potion of curing for 33 gold pieces
  4917 | D:5      | Reached XP level 7. HP: 50/50 MP: 12/17
  5317 | D:5      | Found Teodopys's General Store.
  5448 | D:5      | Reached skill level 3 in Conjurations
  5584 | D:5      | Reached skill level 5 in Earth Magic
  5745 | D:6      | Found a runed translucent gate.
  5745 | D:6      | Found a runed translucent gate.
  5745 | D:6      | Found a runed translucent gate.
  5747 | D:6      | Noticed Zeld's ghost (novice OgFE)
  6026 | D:6      | Reached skill level 5 in Spellcasting
  6289 | D:7      | Reached skill level 4 in Conjurations
  6481 | D:7      | Reached XP level 8. HP: 46/57 MP: 13/19
  6625 | D:7      | Found a staircase to the Ecumenical Temple.
  6634 | D:7      | Reached skill level 6 in Earth Magic
  6727 | D:7      | Reached skill level 5 in Conjurations
  6730 | D:7      | HP: 12/57 [poisoned by a water moccasin]
  6936 | D:7      | Reached skill level 6 in Spellcasting
  7470 | D:8      | Noticed Harold
  7480 | D:8      | Killed Harold
  7481 | D:8      | Reached skill level 6 in Conjurations
  7481 | D:8      | Reached skill level 7 in Earth Magic
  7481 | D:8      | Reached XP level 9. HP: 27/62 MP: 1/22
  7906 | D:8      | You pick up a book of Party Tricks and begin reading...
  7906 | D:8      | You add the spells Apportation and Alistair's Intoxication
                  | to your library.
  7946 | D:8      | Noticed a deep elf pyromancer
  7948 | D:8      | Noticed a centaur warrior
  7949 | D:8      | Killed a deep elf pyromancer
  7950 | D:8      | Reached skill level 7 in Spellcasting
  7955 | D:8      | Killed a centaur warrior
  7956 | D:8      | Reached skill level 7 in Conjurations
  7956 | D:8      | Reached skill level 8 in Earth Magic
  8171 | D:8      | You pick up a book of Blasting and begin reading...
  8171 | D:8      | You add the spells Fulminant Prism, Iskenderun's Mystic
                  | Blast and Lee's Rapid Deconstruction to your library.
  8177 | D:8      | Learned a level 4 spell: Iskenderun's Mystic Blast
  8660 | D:9      | Reached skill level 1 in Translocations
  8717 | D:9      | Reached XP level 10. HP: 69/69 MP: 19/25
  8884 | D:9      | Reached skill level 2 in Translocations
  9235 | D:9      | magus.rc [v1.9.6]
  9241 | D:9      | Learned a level 5 spell: Lee's Rapid Deconstruction
  9324 | D:9      | You pick up a book of Blood and begin reading...
  9324 | D:9      | You add the spells Sublimation of Blood, Wereblood and
                  | Summon Hydra to your library.
  9524 | D:9      | magus.rc [v1.9.6]
  9656 | D:10     | Entered Level 10 of the Dungeon
  9716 | D:10     | Reached skill level 8 in Spellcasting
  9724 | D:10     | Reached skill level 3 in Translocations
 10187 | D:10     | Reached skill level 8 in Conjurations
 10499 | D:10     | Found a portal to a secret trove of treasure.
 10503 | D:10     | This trove needs the staff of Battle to function. Give it
                  | the item?
 10763 | D:11     | Noticed Snorg
 10919 | D:11     | Noticed a cyclops
 10920 | D:11     | Noticed a rakshasa
 10931 | D:11     | HP: 4/69 [cyclops/large rock (26)]
 10932 | D:11     | Killed a cyclops
 11005 | D:11     | HP: 16/69 [centaur warrior zombie (3)]
 11262 | D:11     | Reached skill level 9 in Earth Magic
 11317 | D:11     | Found a staircase to the Lair.
 11329 | D:11     | Noticed a manticore
 11348 | D:11     | Killed a rakshasa
 11461 | D:11     | Killed a manticore
 11462 | D:11     | Reached skill level 4 in Translocations
 11538 | D:11     | Noticed a two-headed ogre
 11545 | D:11     | Killed a two-headed ogre
 11550 | D:11     | Reached XP level 11. HP: 74/74 MP: 9/28
 11798 | D:11     | Found a staircase to the Orcish Mines.
 11853 | D:11     | Identified the ring of Soafijem {rPois rCorr MP+9 Str+4}
 12208 | D:11     | Killed Snorg
 12265 | Lair:1   | Entered Level 1 of the Lair of Beasts
 12306 | D:11     | Reached skill level 5 in Translocations
 12376 | Lair:1   | Reached skill level 9 in Spellcasting
 12381 | Lair:1   | Reached skill level 9 in Conjurations
 12552 | D:11     | magus.rc [v1.9.6]
 12586 | Lair:1   | Reached skill level 10 in Earth Magic
 12983 | Lair:1   | Reached skill level 6 in Translocations
 13845 | Lair:2   | Reached XP level 12. HP: 81/81 MP: 16/30
 13941 | Lair:2   | Found a staircase to the Shoals.
 14175 | Lair:2   | Found a hole to the Spider Nest.
 14242 | Lair:2   | Reached skill level 10 in Conjurations
 14327 | Lair:2   | Reached skill level 7 in Translocations
 14332 | Lair:2   | Reached skill level 10 in Spellcasting
 14388 | Lair:2   | HP: 13/81 [black mamba (16)]
 14391 | Lair:2   | HP: 6/81 [torpor snail (14)]
 14833 | Lair:2   | Noticed a catoblepas
 14867 | Lair:2   | Noticed a seven-headed hydra
 14871 | Lair:2   | Learned a level 1 spell: Apportation
 15325 | Lair:2   | Killed a seven-headed hydra
 15326 | Lair:2   | Reached skill level 11 in Earth Magic
 15336 | Lair:2   | Killed a catoblepas
 15724 | Lair:3   | magus.rc [v1.9.6]
 15893 | Lair:3   | Noticed a five-headed hydra
 15899 | Lair:3   | Killed a five-headed hydra
 16299 | Lair:4   | Reached skill level 8 in Translocations
 16387 | Lair:4   | You pick up a book of Debilitation and begin reading...
 16387 | Lair:4   | You add the spells Slow, Vampiric Draining and Confusing
                  | Touch to your library.
 16840 | Lair:4   | You pick up a book of Air and begin reading...
 16840 | Lair:4   | You add the spells Shock, Swiftness and Airstrike to your
                  | library.
 16882 | Lair:4   | Identified the amulet of Osokut {Spirit rC- Dex+5}
 16896 | Lair:4   | Noticed an eight-headed hydra
 16902 | Lair:4   | Killed an eight-headed hydra
 17063 | Lair:4   | Reached skill level 1 in Air Magic
 17463 | Lair:4   | Reached XP level 13. HP: 65/86 MP: 22/32
 17464 | Lair:4   | Reached skill level 1 in Armour
 17464 | Lair:4   | Reached skill level 2 in Air Magic
 17468 | Lair:4   | Reached skill level 11 in Conjurations
 17616 | Lair:4   | Identified the +1 pair of gloves of Courage {Str+4}
 17638 | Lair:4   | Identified the +7 dagger of Fortitude {vamp, +Blink MP+9
                  | Int+3 Stlth+}
 17707 | Lair:4   | Identified a scroll of acquirement
 17707 | Lair:4   | Acquired 711 gold pieces
 17954 | D:5      | Bought the +0 staff of Battle for 1120 gold pieces
 17954 | D:5      | Found the +0 staff of Battle {staff}
 18342 | Lair:5   | Reached skill level 11 in Spellcasting
 18429 | Lair:5   | You pick up a book of Rime and begin reading...
 18429 | Lair:5   | You add the spells Frozen Ramparts, Ice Form and Summon Ice
                  | Beast to your library.
 18435 | Lair:5   | Learned a level 4 spell: Airstrike
 18610 | Lair:5   | Found a staircase to the Slime Pits.
 19034 | Lair:6   | Entered Level 6 of the Lair of Beasts
 19060 | Lair:6   | Reached skill level 3 in Air Magic
 19334 | Lair:6   | Reached skill level 2 in Armour
 19488 | Lair:6   | You pick up a book of Transfigurations {@e2} and begin
                  | reading...
 19488 | Lair:6   | You add the spells Irradiate, Blade Hands and Dragon Form
                  | to your library.
 19700 | Lair:6   | Reached skill level 12 in Earth Magic
 19790 | Lair:6   | Reached skill level 4 in Air Magic
 20705 | D:12     | Found Ufomp's Armour Shop.
 20714 | D:12     | Bought a +1 pair of boots of flying for 247 gold pieces
 21064 | D:12     | Reached skill level 5 in Air Magic
 21291 | D:12     | Identified the ring "Hero's Friend" {Will- MP+9 Int+8}
 21343 | D:12     | Reached XP level 14. HP: 93/93 MP: 34/34
 21552 | D:12     | Bought a +0 cloak for 67 gold pieces
 22062 | D:13     | Reached skill level 12 in Spellcasting
 22064 | D:13     | Reached skill level 6 in Air Magic
 22236 | D:13     | magus.rc [v1.9.6]
 22409 | Orc:1    | Entered Level 1 of the Orcish Mines
 22446 | Orc:1    | Found Zipysa's Jewellery Shoppe.
 22580 | Orc:2    | Entered Level 2 of the Orcish Mines
 22607 | Orc:2    | Found a staircase to the Elven Halls.
 22677 | Orc:2    | magus.rc [v1.9.6]
 22695 | Orc:2    | Reached skill level 7 in Air Magic
 22753 | Orc:2    | Noticed Blork the orc
 22761 | Orc:2    | Killed Blork the orc
 22827 | Orc:2    | Noticed Nergalle
 22833 | Orc:2    | Killed Nergalle
 22945 | Orc:1    | Noticed an orc warlord
 22954 | Orc:1    | Noticed Erica
 22955 | Orc:1    | Identified the +5 hunting sling of Xom's Favour {venom,
                  | rPois rC- rCorr SInv}
 22960 | Orc:1    | Killed Erica
 22960 | Orc:1    | Killed an orc warlord
 23316 | Orc:2    | Paralysed by an orc sorcerer for 2 turns
 23320 | Orc:2    | Paralysed by an orc sorcerer for 3 turns
 23328 | Orc:2    | Noticed Urug
 23353 | Orc:2    | Killed Urug
 23457 | Orc:2    | Noticed an orc warlord
 23468 | Orc:2    | Killed an orc warlord
 23525 | Orc:2    | Found Guoj's Antique Armour Emporium.
 23530 | Orc:2    | Found Riskyem's Book Emporium.
 23565 | Orc:2    | Found Puss's Antique Weapon Emporium.
 23581 | Orc:2    | Found Zabluf's General Store.
 24294 | D:13     | Found a gate to the Vaults.
 24544 | D:14     | HP: 23/93 [centaur warrior/arrow (14)]
 24613 | D:14     | HP: 21/93 [boulder beetle (13)]
 24614 | D:14     | HP: 5/93 [centaur warrior/arrow (17)]
 24614 | D:14     | Shot with an arrow by a centaur warrior

Vanquished Creatures
  2 orc warlords
  Snorg (D:11)
  Harold (D:8)
  A rakshasa (D:11)
  3 boulder beetles
  6 hydras
  2 centaur warriors
  4 catoblepae
  2 dancing weapons (D:13)
  3 two-headed ogres
  Erica (Orc:1)
  An orc high priest (Orc:2)
  5 death yaks (Lair:6)
  Urug (Orc:2)
  Nergalle (Orc:2)
  5 skeletal warriors
  3 orc knights (Orc:2)
  2 deep elf pyromancers
  4 manticores
  6 lindwurms
  2 cyclopes
  5 orc sorcerers
  A wolf spider (D:13)
  5 black mambas
  8 elephants
  A torpor snail (Lair:2)
  13 cane toads
  2 kobold demonologists
  8 komodo dragons
  A rime drake (Lair:5)
  3 trolls
  A polar bear (shapeshifter) (D:13)
  2 polar bears
  3 meliai (D:13)
  A wolf spider simulacrum (D:13)
  16 blink frogs
  10 slime creatures (D:12)
  7 wyverns
  A vampire (D:12)
  2 wraiths (D:12)
  52 yaks
  3 basilisks
  4 fire bats (Lair:1)
  2 redbacks (Lair:2)
  11 vampire mosquitoes
  2 wargs (Orc:2)
  2 acid dragons
  10 water moccasins
  30 orc warriors
  A sky beast (D:7)
  2 ogres
  5 boggarts (D:12)
  5 wolves
  2 centaurs (D:13)
  A phantom (D:4)
  7 kobold brigands
  Blork the orc (Orc:2)
  16 bullfrogs
  A scorpion (Lair:4)
  A wyvern skeleton (D:5)
  13 killer bees
  A water moccasin skeleton (D:7)
  11 wights
  4 howler monkeys
  A hound (D:5)
  3 centaur zombies
  2 centaur skeletons
  20 orc priests
  A bullfrog skeleton (D:4)
  A jelly (D:7)
  2 iguanas
  19 orc wizards
  A scorpion zombie (D:5)
  A howler monkey zombie (D:5)
  4 gnolls (D:4)
  A howler monkey skeleton (D:7)
  An adder (D:4)
  A white imp (D:8)
  2 adder skeletons
  3 worms
  4 dart slugs
  58 orcs
  3 bats
  4 endoplasms
  4 giant cockroaches
  9 hobgoblins
  2 jackals (D:3)
  5 quokkas
  6 ball pythons
  A frilled lizard (D:3)
  6 goblins
  18 kobolds
  9 rats
525 creatures vanquished.

Vanquished Creatures (others)
  19 fungi
  33 plants
52 creatures vanquished.

Grand Total: 577 creatures vanquished

Table legend:
 A = Non-vault XP
 B = Vault XP
 C = Vault XP percentage of total XP
 D = Non-vault monster count
 E = Vault monster count
 F = Vault count percentage of total count
                 A         B        C        D         E       F
            +---------+---------+-------+---------+---------+-------
      Total |   73715 |   30105 |  29.0 |     427 |      98 |  18.7
            +---------+---------+-------+---------+---------+-------
        D:1 |      27 |       0 |   0.0 |      14 |       0 |   0.0
        D:2 |      33 |       0 |   0.0 |      17 |       0 |   0.0
        D:3 |     131 |       0 |   0.0 |      29 |       0 |   0.0
        D:4 |     502 |       0 |   0.0 |      25 |       0 |   0.0
        D:5 |     382 |       0 |   0.0 |       7 |       0 |   0.0
        D:6 |     281 |       0 |   0.0 |       6 |       0 |   0.0
        D:7 |    1497 |       0 |   0.0 |      26 |       0 |   0.0
        D:8 |     840 |    2325 |  73.5 |       9 |       3 |  25.0
        D:9 |    1918 |       0 |   0.0 |      21 |       0 |   0.0
       D:10 |    1408 |       0 |   0.0 |      14 |       0 |   0.0
       D:11 |    5636 |    1306 |  18.8 |      21 |       9 |  30.0
       D:12 |   10226 |       0 |   0.0 |      35 |       0 |   0.0
       D:13 |    7044 |    1654 |  19.0 |      22 |       2 |   8.3
       D:14 |     764 |       0 |   0.0 |       1 |       0 |   0.0
     Lair:1 |    7195 |       0 |   0.0 |      26 |       0 |   0.0
     Lair:2 |    8157 |    2505 |  23.5 |      29 |       9 |  23.7
     Lair:3 |    4737 |       0 |   0.0 |      16 |       0 |   0.0
     Lair:4 |    6342 |    2549 |  28.7 |      22 |       4 |  15.4
     Lair:5 |    5331 |       0 |   0.0 |      14 |       0 |   0.0
     Lair:6 |    4404 |   10220 |  69.9 |      12 |      23 |  65.7
      Orc:1 |    3899 |    1082 |  21.7 |      33 |      10 |  23.3
      Orc:2 |    2961 |    8464 |  74.1 |      28 |      38 |  57.6
            +---------+---------+-------+---------+---------+-------

Illustrated notes

Table legend:
 A = Kills in this place as a percentage of kills in entire the game.
 B = Kills by you in this place as a percentage of kills by you in the entire game.
 C = Kills by friends in this place as a percentage of kills by friends in the entire game.
 D = Other kills in this place as a percentage of other kills in the entire game.
 E = Experience gained in this place as a percentage of experience gained in the entire game.
 F = Experience gained in this place divided by the number of levels of this place that you have seen.
                   A       B       C       D       E      F
               +-------+-------+-------+-------+-------+----------------------
         Total | 100.0 | 100.0 |   N/A |   N/A | 100.0 | 4719.1
       Dungeon |  49.7 |  49.7 |   N/A |   N/A |  34.7 | 2569.6
          Lair |  29.5 |  29.5 |   N/A |   N/A |  49.5 | 8573.3
  Orcish Mines |  20.8 |  20.8 |   N/A |   N/A |  15.8 | 8203.0
               +-------+-------+-------+-------+-------+----------------------

Table legend: (Time is in decaauts)
 A = Elapsed time spent in this place.
 B = Non-inter-level travel time spent in this place.
 C = Inter-level travel time spent in this place.
 D = Time resting spent in this place.
 E = Time spent auto-exploring this place.
 F = Levels seen in this place.
 G = Mean time per level.
                   A        B        C        D        E       F      G
               +--------+--------+--------+--------+--------+-----+--------+
         Total |  24723 |  23281 |   1442 |   3275 |  15862 |  22 | 1123.8 |
       Dungeon |  15241 |  14384 |    857 |   1726 |  10376 |  14 | 1088.6 |
          Lair |   7765 |   7269 |    496 |   1539 |   4313 |   6 | 1294.2 |
  Orcish Mines |   1716 |   1628 |     88 |     10 |   1173 |   2 |  858.0 |
               +--------+--------+--------+--------+--------+-----+--------+

Top non-repeatable levels by time:
     D:4: 1839 daAuts
  Lair:1: 1799 daAuts
    D:11: 1768 daAuts
    D:12: 1506 daAuts
  Lair:2: 1380 daAuts
     D:7: 1339 daAuts
  Lair:6: 1333 daAuts
  Lair:3: 1318 daAuts
    D:10: 1262 daAuts
  Lair:4: 1232 daAuts
   Orc:2: 1114 daAuts
     D:9: 1091 daAuts
     D:3: 1042 daAuts
     D:5: 1034 daAuts
     D:8: 986 daAuts
